 Dungeon Crawl Stone Soup version 0.24.0-13-gcf9b3192b9 (webtiles) character file.

Game seed: 9501660399124914924, levelgen mode: deterministic

1509 Monsterracer the Cutter (level 8, -5/55 HPs)
             Began as an Octopode Warper on Nov 6, 2019.
             Shot with an arrow by a centaur (10 damage)
             ... on level 6 of the Dungeon.
             The game lasted 00:05:45 (6560 turns).

Monsterracer the Cutter (Octopode Warper)           Turns: 6560, Time: 00:05:46

Health: -5/55      AC:  1    Str: 16    XL:     8   Next: 82%
Magic:  11/11      EV: 15    Int: 17    God:
Gold:   161        SH:  0    Dex: 12    Spells: 5/11 levels left

rFire    + . .     SeeInvis .   a - +2 dagger (venom)
rCold    . . .     Gourm    .   (no shield)
rNeg     + . .     Faith    .   (helmet restricted)
rPois    .         Spirit   .   (no amulet)
rElec    .         Reflect  .   g - +3 ring of strength
rCorr    .         Harm     .   C - ring of protection from cold
MR       .....                  k - ring of positive energy
Stlth    ++++......             d - ring of fire
HPRegen  0.18/turn              s - +3 ring of strength
MPRegen  0.12/turn              (no ring)
                                (no ring)
                                (no ring)

@: no status effects
A: almost no armour, stealthy swim, amphibious, 8 rings, constrict 8, camouflage
1, gelatinous body 1
a: no special abilities


You were on level 6 of the Dungeon.
You were very hungry.

You visited 1 branch of the dungeon, and saw 6 of its levels.

You collected 161 gold pieces.

Inventory:

Hand Weapons
 a - a +2 dagger of venom (weapon)
   (You found it on level 1 of the Dungeon)
Armour
 p - the +7 chain mail "Ceseul" {rElec Slay+2 Stlth+, unknown}
   (You found it on level 5 of the Dungeon)

   It affects your accuracy and damage with ranged weapons and melee attacks
   (+2).
   It insulates you from electricity.
   It makes you more stealthy.
Jewellery
 d - a ring of fire (on tentacle)
   (You found it on level 5 of the Dungeon)
 g - a +3 ring of strength (left tentacle)
   (You found it on level 2 of the Dungeon)
 k - a ring of positive energy (on tentacle)
   (You found it on level 3 of the Dungeon)
 s - a +3 ring of strength (on tentacle)
   (You found it on level 5 of the Dungeon)
 C - a ring of protection from cold (right tentacle)
   (You found it on level 2 of the Dungeon)
Scrolls
 j - a scroll of fear {!r}
 m - a scroll of magic mapping
 r - 6 scrolls of remove curse
 t - 2 scrolls of teleportation {!r}
 X - 3 scrolls of blinking
Potions
 b - a potion of brilliance {unknown}
 e - a potion of curing {unknown}
 f - 2 potions of mutation {unknown}
 h - 2 potions of flight
 i - 2 potions of degeneration {unknown}
 l - a potion of berserk rage {unknown}
 o - a potion of might {unknown}
 q - a potion of invisibility {unknown}
Comestibles
 c - 9 rations


   Skills:
 + Level 5.2 Fighting
 * Level 7.3 Short Blades
 - Level 1.0 Throwing
 + Level 4.8 Dodging
 + Level 6.4 Stealth
 - Level 2.0 Spellcasting
 - Level 3.0 Translocations


You had 5 spell levels left.
You knew the following spells:

 Your Spells              Type           Power        Failure   Level  Hunger
a - Passage of Golubria   Tloc           N/A          50%         4    #####..
e - Blink                 Tloc           N/A          9%          2    ###....

Your spell library contained the following spells:

 Spells                   Type           Power        Failure   Level  Hunger
 Shroud of Golubria       Chrm/Tloc      #.....       16%         2    ###....
 Gell's Gravitas          Tloc           ##........   17%         3    ###....
 Lesser Beckoning         Tloc           ##........   17%         3    ###....
 Teleport Other           Tloc           ##......     17%         3    ###....


Dungeon Overview and Level Annotations

Branches:
Dungeon (6/15)
 Temple: D:4-7

Altars:
Ashenzari
Cheibriados
Elyvilon
Fedhas
Ru
Wu Jian
Zin


Innate Abilities, Weirdness & Mutations

You cannot wear most types of armour.
You are very stealthy in the water. (Stealth+)
You are amphibious.
You can wear up to eight rings at the same time.
You can use your tentacles to constrict eight enemies at once.
Your skin changes colour to match your surroundings (Stealth+).
Your rubbery body absorbs attacks. (AC +1, EV +1)


Message History

A hound comes into view.
A hound is nearby!
The hound barks!
A hound is nearby!
The hound closely misses you.
A hound is nearby!
You miss the hound. You grab the hound. Your squeeze misses the hound.
You constrict the hound. The hound bites you.
You hit the hound.
The hound is poisoned.
Your squeeze misses the hound.
The hound is lightly wounded.
You constrict the hound. The hound bites you.
A hound is nearby!
You hit the hound.
The hound looks as sick as possible!
The hound is moderately wounded.
You constrict the hound. The hound completely misses you.
A quokka comes into view.
There are monsters nearby!
You hit the hound.
The hound looks as sick as possible!
You squeeze the hound.
You kill the hound!
A quokka is nearby!
No target in view!
The quokka is too close now for your liking.
The quokka bites you.
A quokka is nearby!
You hit the quokka.
The quokka is poisoned.
You grab the quokka.
The quokka is severely wounded.
You constrict the quokka. You hit the quokka but do no damage.
The quokka looks as sick as possible!
You squeeze the quokka.
You kill the quokka!
You butcher the hound corpse.
s - a chunk of flesh You see here a hound skeleton. x2
Eating a chunk of flesh.
You eat the chunk of flesh.
This raw flesh tastes terrible.
You now have 159 gold pieces (gained 13).
Found a shattered altar of Ashenzari.
No target in view!
X - 3 scrolls of blinking (gained 1)
You see here a hound skeleton.
Found a robe.
Found a short sword.
s - a ring of strength You are feeling hungry.
Things that are here:
a +0 robe; a +0 dagger You now have 161 gold pieces (gained 2).
Things that are here:
a +0 rapier; a +1 scale mail of fire resistance
There is a stone staircase leading down here.
There is a stone staircase leading up here.
Done exploring.
You feel stronger.
s - a +3 ring of strength (on tentacle) Done exploring.
Done exploring.
(D) Dungeon
Where to? (Enter - D:5 @ (x,y), ? - help)
There is a stone staircase leading up here.
There is a stone staircase leading down here.
You climb downwards.
There is a stone staircase leading up here.
As you read the scroll labeled KOCZOEPSAF, it crumbles to dust.
It is a scroll of enchant weapon.
Your +1 dagger of venom glows red for a moment.
You are feeling very hungry.
Found a ring mail.
You see here a ring mail.
An ogre comes into view. It is wielding a +0 giant spiked club.
A quokka skeleton comes into view.
You see here 11 gold pieces.
The ogre shouts!
You hear a shout!
The ogre completely misses you.
A centaur comes into view. It is wielding a +0 flail.
Found a scroll labeled RADUCSE ZOHO.
You hit the ogre.
The ogre is poisoned.
The ogre is lightly wounded.
The centaur unwields a +0 flail.
The centaur wields a cursed -1 shortbow.
The centaur shoots an arrow.
The arrow hits you.
You hit the ogre but do no damage.
The ogre looks even sicker.
You squeeze the ogre, but do no damage.
The ogre is moderately wounded.
The ogre hits you with a +0 giant spiked club!!
Ouch! That really hurt!
* * * LOW HITPOINT WARNING * * *
The centaur shoots an arrow.
The arrow hits you!
* * * LOW HITPOINT WARNING * * *
You see here an arrow.
Okay, then.
You aren't carrying any items that you can evoke.
Found a plate armour.
You see here a scroll labeled RADUCSE ZOHO.
The centaur shoots an arrow.
The arrow hits you!
* * * LOW HITPOINT WARNING * * *
You see here an arrow.
You kill the ogre!
You see here a plate armour.
The centaur shoots an arrow.
The arrow hits you!
You die...

#.#.#######(#.###.#
###.# #c#.###. #.#
##.#..... #.#
#.........
#.######.........
........######.#
.#####.)#### #.#
#...(c..#####....#
#.#.#.#Z[.@....#
#.......##.....#
#..#.#.#.##.#.#....
#........##.....###
....#.#.#.##.#.#.#
####.......##.....#
################


You could see a centaur and a quokka skeleton.

Vanquished Creatures
  Pikel (D:3)
  Duvessa (D:5)
  A slave (D:4)
  A phantom (D:4)
  2 ogres (D:4 D:6)
  A centaur (D:6)
  Dowan (D:5)
  A scorpion (D:4)
  A howler monkey (D:5)
  A bullfrog skeleton (D:4)
  A hound (D:5)
  3 orc wizards (D:4 D:6)
  Terence (D:2)
  4 worker ants (D:4 D:5)
  A hound skeleton (D:5)
  10 adders (D:2 D:3 D:4 D:5)
  A shadow imp (D:6)
  An adder zombie (D:6)
  3 worms (D:3)
  3 dart slugs (D:1 D:3)
  4 leopard geckos (D:1 D:2 D:3 D:5)
  13 orcs (D:3 D:4 D:6)
  13 bats (D:1 D:2 D:3)
  5 giant cockroaches (D:1 D:2 D:3 D:4)
  7 hobgoblins (D:1 D:3)
  10 jackals (D:2 D:3)
  3 quokkas (D:2 D:5)
  3 ball pythons (D:2 D:3 D:4)
  7 frilled lizards (D:1 D:2 D:3 D:4 D:5)
  11 goblins (D:1 D:2 D:3)
  A jackal skeleton (D:4)
  9 kobolds (D:1 D:2 D:3)
  4 rats (D:1 D:2)
129 creatures vanquished.

Notes
Turn   | Place    | Note
-------+----------+-------------------------------------------
     0 | D:1      | Monsterracer the Octopode Warper began the quest for the
                  | Orb.
     0 | D:1      | Reached XP level 1. HP: 14/14 MP: 3/3
   257 | D:1      | Reached XP level 2. HP: 19/19 MP: 5/5
   267 | D:1      | Learned a level 2 spell: Blink
   570 | D:1      | Reached skill level 3 in Short Blades
   570 | D:1      | Reached XP level 3. HP: 23/25 MP: 6/6
  1013 | D:2      | Noticed Terence
  1053 | D:2      | Found an ornate altar of the Wu Jian Council.
  1101 | D:2      | Reached skill level 1 in Stealth
  1146 | D:2      | Killed Terence
  1146 | D:2      | Reached XP level 4. HP: 20/30 MP: 7/7
  1309 | D:2      | HP: 12/30 [adder (4)]
  1315 | D:2      | HP: 11/31 [poisoned by an adder]
  1323 | D:2      | HP: 10/31 [poisoned by an adder]
  1802 | D:2      | Found a blossoming altar of Fedhas.
  1815 | D:2      | HP: 15/31 [adder (3)]
  1817 | D:2      | Reached skill level 4 in Short Blades
  1817 | D:2      | Reached XP level 5. HP: 17/36 MP: 8/8
  1821 | D:2      | HP: 14/36 [kobold (1)]
  1829 | D:2      | HP: 12/36 [poisoned by an adder]
  1837 | D:2      | HP: 11/36 [poisoned by an adder]
  3318 | D:4      | HP: 15/36 [orc wizard/+0 dagger (4)]
  3320 | D:4      | Reached XP level 6. HP: 18/42 MP: 9/9
  3497 | D:4      | Learned a level 4 spell: Passage of Golubria
  3502 | D:4      | Noticed a slave
  3503 | D:4      | Noticed Pikel
  3503 | D:4      | Noticed a slave
  3503 | D:4      | Noticed a slave
  3503 | D:4      | Noticed a slave
  3513 | D:4      | HP: 21/42 [slave[Pikel] (6)]
  3516 | D:4      | Killed a slave
  3520 | D:4      | HP: 9/42 [Pikel/+0 whip of flaming (4)]
  3849 | D:3      | HP: 20/42 [Pikel/+0 whip of flaming (4)]
  3850 | D:3      | HP: 7/42 [Pikel/+0 whip of flaming (4)]
  3863 | D:3      | Killed Pikel
  3863 | D:3      | Reached skill level 5 in Short Blades
  3863 | D:3      | Reached XP level 7. HP: 10/48 MP: 10/10
  4201 | D:4      | Reached skill level 6 in Short Blades
  4201 | D:4      | Reached skill level 5 in Stealth
  4221 | D:4      | Reached XP level 8. HP: 54/54 MP: 11/11
  4428 | D:4      | Found a blossoming altar of Fedhas.
  4889 | D:5      | Entered Level 5 of the Dungeon
  4898 | D:5      | Found a white marble altar of Elyvilon.
  4898 | D:5      | Found a glowing silver altar of Zin.
  4898 | D:5      | Found a snail-covered altar of Cheibriados.
  4901 | D:5      | Found a sacrificial altar of Ru.
  4925 | D:5      | Noticed Dowan
  4927 | D:5      | Noticed Duvessa
  4935 | D:5      | Killed Dowan
  5021 | D:6      | HP: 27/54 [orc (4)]
  5036 | D:6      | HP: 26/54 [shadow imp (3)]
  5057 | D:6      | HP: 27/54 [orc/cursed -3 club (3)]
  5329 | D:5      | Reached skill level 5 in Fighting
  5388 | D:5      | HP: 25/55 [Duvessa/+0 rapier (10)]
  5389 | D:5      | Killed Duvessa
  5389 | D:5      | Reached skill level 7 in Short Blades
  5891 | D:5      | Got a pitted chain mail
  6147 | D:5      | Found a shattered altar of Ashenzari.
  6546 | D:6      | HP: 21/55 [ogre/+0 giant spiked club (32)]
  6554 | D:6      | HP: 4/55 [centaur/arrow (10)]
  6560 | D:6      | Shot with an arrow by a centaur

Levels and vault maps discovered:
D:1:      dpeg_arrival_pond, layout_loops_corners
D:2:      layout_basic, old_standard_altar, kennysheep_pointless_box,
          minmay_hexomino_r4, uniq_terence
D:3:      layout_loops_corners, serial_glass, glass_columns_a, glass_columns_c,
          glass_columns_c, glass_columns_a, glass_columns_b, glass_columns_a,
          glass_columns_a, glass_columns_c, glass_columns_b, glass_columns_a,
          glass_columns_c, glass_columns_b, glass_columns_a, glass_columns_c
D:4:      layout_gridville, overflow_temple_1_default, uniq_pikel
D:5:      layout_basic, lemuel_coloured_pillars_altar,
          grunt_temple_overflow_open, first_ration, uniq_duvessa
D:6:      kennysheep_spiral_hall, layout_loops_ring, serial_co_window_serial,
          co_window_paths_b, co_window_paths_a, co_window_paths_a,
          co_window_paths_a, co_window_paths_a, co_window_broadway_a,
          co_window_broadway_a, co_window_of_opportunity_c, co_window_corner_ca,
          co_window_corner_ca, co_window_unsneaky_path_e, glass_columns_b,
          glass_columns_b, glass_columns_a, glass_columns_b, glass_columns_b,
          kennysheep_generic_room_9

Skill      XL: |  1  2  3  4  5  6  7  8 |
---------------+-------------------------+-----
Short Blades   | 3 4 5 6 7 |  7.3
Stealth        | 1 2 3 4 5 6 |  6.4
Fighting       | 3 4 5 |  5.2
Dodging        | 3 4 |  4.8
Throwing       | |  1.0
Spellcasting   | |  2.0
Translocations | |  3.0

Action                   |  1- 3 |  4- 6 |  7- 9 || total
-------------------------+-------+-------+-------++-------
Melee: Dagger            |    81 |   119 |   130 ||   330
       Constrict         |    22 |    30 |    26 ||    78
       Tentacles         |    10 |    23 |    35 ||    68
  Use: Scroll            |       |     5 |     2 ||     7
 Stab: Sleeping          |     8 |    10 |     5 ||    23
  Eat: Chunk             |       |     5 |     8 ||    13
       Ration            |       |     1 |       ||     1
Armor: Skin              |     5 |     9 |     1 ||    15
Dodge: Dodged            |    46 |    70 |    55 ||   171
